 Dungeon Crawl Stone Soup version bcrawl-1.12-11-gb93c957c58 (webtiles) character file.

Game seed: 1772047360875044414

791 MisterOstroum the Sneak (level 7, -2/49 HPs)
             Began as a Dusk Walker Rogue on June 28, 2019.
             Was an Initiate of Dithmenos.
             Slain by a mummy (15 damage)
             ... in an ossuary.
             The game lasted 00:15:38 (5067 turns).

MisterOstroum the Sneak (Dusk Walker Rogue)         Turns: 5067, Time: 00:15:39

Health: -2/49      AC:  8    Str: 12    XL:     7   Next: 57%
Magic:  10/10      EV: 10    Int: 11    God:    Dithmenos [......]
Gold:   194        SH:  3    Dex: 16    Spells: 6/6 levels left

rFire    . . .     SeeInvis +   y - +0 rapier
rCold    . . .     Gourm    .   v - +0 buckler
rNeg     + . .     Faith    .   D - +2 robe {MR+}
rPois    +         Spirit   .   t - +2 hat {SInv}
rElec    .         Reflect  .   d - +0 cloak
rCorr    .         Harm     .   (no gloves)
MR       +++..     Clarity  +   r - +0 pair of boots
Stlth    +++++.....             (no amulet)
HPRegen  0.16/turn              u - ring of poison resistance
MPRegen  0.12/turn              C - ring of positive energy

@: no status effects
A: draining touch, unencumbered stealth, fangs 2, horns 1, clarity, magic
resistance 1, nightstalker 1
a: Renounce Religion


You were in an ossuary.
You worshipped Dithmenos.
Dithmenos was noncommittal.
You were not hungry.

You visited 2 branches of the dungeon, and saw 6 of its levels.
You also visited: Ossuary.

You collected 194 gold pieces.

Inventory:

Hand Weapons
 a - a +2 dagger
 b - a +0 blowgun
 y - a +0 rapier (weapon)
Missiles
 h - 138 poisoned needles
 k - 811 stones (quivered)
 A - 132 tomahawks
Armour
 c - a +0 chain mail
 d - a +0 cloak (worn)
 r - a +0 pair of boots (worn)
 s - a scarf of cloud immunity
 t - a +2 hat of see invisible (worn)
 v - a +0 buckler (worn)
 D - a +2 robe of magic resistance (worn)
Jewellery
 u - a ring of poison resistance (left hand)
 C - a ring of positive energy (right hand)
Wands
 f - a wand of flame (12)
 g - a wand of enslavement (13)
 x - a wand of paralysis (4)
Scrolls
 i - a scroll of noise
 l - 4 scrolls of amnesia
 m - 2 scrolls of teleportation
 n - 3 scrolls of remove curse
 p - 3 scrolls of enchant weapon
 w - a scroll of magic mapping {@r5 !r}
Potions
 j - 3 potions of mutation
 o - a potion of brilliance
 z - 3 potions of heal wounds
 B - 4 potions of curing
Comestibles
 e - 8 rations {!d}


   Skills:
 * Level 4.5 Fighting
 * Level 6.2 Short Blades
 - Level 1.5 Throwing
 - Level 0.8 Armour
 + Level 6.9 Stealth
 - Level 5.0 Evocations


You had 6 spell levels left.
You didn't know any spells.
Your spell library contained the following spells:

 Spells                   Type           Power        Failure   Level  Hunger
 Summon Small Mammal      Summ           #...         52%         1    ##.....
 Call Imp                 Summ           #.......     65%         2    ###....
 Call Canine Familiar     Summ           #.......     87%         3    ####...
 Summon Ice Beast         Ice/Summ       #.......     99%         4    #####..
 Summon Lightning Spire   Summ/Air       #.......     100%        5    ######.


Dungeon Overview and Level Annotations

Branches:
Dungeon (5/12)             Temple (1/1) D:4

Altars:
Cheibriados
Dithmenos
Gozag
Hepliaklqana
Kikubaaqudgha
Lugonu
Nemelex Xobeh
Okawaru
Qazlal
Ru
Trog
Vehumet
Wu Jian

Annotations:
D:2 Sigmund
D:3 exclusion: orc priest


Innate Abilities, Weirdness & Mutations

Your attacks drain your enemies.
You move stealthily even while encumbered by armour.
You have extremely sharp teeth.
You are slightly more attuned to the shadows.
You have a pair of small horns on your head.
You possess an exceptional clarity of mind.
You are resistant to hostile enchantments. (MR+)


Message History

You throw a stone. The stone hits the mummy.
The mummy is lightly damaged.
Throwing (i - inventory. (/) - cycle)
k - 816 stones (quivered)
Press: ? - help, Shift-Dir - straight line, f/p - mummy
Aim: a mummy (lightly damaged)
You throw a stone. The stone hits the mummy.
The mummy is almost destroyed.
Throwing (i - inventory. (/) - cycle)
k - 815 stones (quivered)
Press: ? - help, Shift-Dir - straight line, f/p - mummy
Aim: a mummy (almost destroyed)
You throw a stone.
The stone hits the mummy but does no damage.
The mummy is lightly damaged.
You hear a blaring wail to the northwest.
Throwing (i - inventory. (/) - cycle)
k - 814 stones (quivered)
Press: ? - help, Shift-Dir - straight line, f/p - mummy
Aim: a mummy (lightly damaged)
You throw a stone. The stone hits the mummy.
The mummy is almost destroyed.
A mummy comes into view.
You hit the mummy but do no damage.
You headbutt the mummy, but do no damage.
You bite the mummy, but do no damage.
The mummy is almost destroyed.
You hit the mummy but do no damage.
You headbutt the mummy, but do no damage.
You bite the mummy, but do no damage.
The mummy is almost destroyed.
You block the mummy's attack.
You hit the mummy.
You destroy the mummy!
Dithmenos accepts your kill.
A mummy comes into view.
Throwing (i - inventory. (/) - cycle)
k - 813 stones (quivered)
Press: ? - help, Shift-Dir - straight line, f - mummy
Aim: a mummy (lightly damaged)
You throw a stone. The stone hits the mummy.
The mummy is lightly damaged.
You barely miss the mummy. Your headbutt misses the mummy.
The mummy is lightly damaged.
You hit the mummy but do no damage.
The mummy is lightly damaged.
The mummy hits you!
You puncture the mummy! Your bite misses the mummy.
The mummy is heavily damaged.
The mummy closely misses you.
You hit the mummy.
The mummy is severely damaged.
You hit the mummy but do no damage.
You headbutt the mummy, but do no damage.
The mummy is severely damaged.
The mummy hits you!
You are too injured to fight recklessly!
You are too injured to fight recklessly!
You hit the mummy.
The mummy is almost destroyed.
You hit the mummy.
You destroy the mummy!
Dithmenos accepts your kill.
Throwing (i - inventory. (/) - cycle)
k - 812 stones (quivered)
Press: ? - help, Shift-Dir - straight line, f - mummy
Aim: a mummy You throw a stone.
The stone hits the mummy but does no damage.
You hit the mummy.
The mummy is moderately damaged.
You block the mummy's attack.
You barely miss the mummy. Your headbutt misses the mummy.
The mummy is moderately damaged.
All of the chunks of flesh in your inventory have rotted away.
You hit the mummy.
The mummy is moderately damaged.
The mummy hits you but does no damage.
You hit the mummy.
The mummy is severely damaged.
You hit the mummy. You headbutt the mummy.
You destroy the mummy!
Dithmenos accepts your kill.
You barely miss the mummy. The mummy barely misses you.
You barely miss the mummy. You barely miss the mummy.
The mummy hits you but does no damage.
You hit the mummy. Your headbutt misses the mummy.
You bite the mummy, but do no damage.
The mummy is lightly damaged.
You barely miss the mummy. You bite the mummy.
The mummy is lightly damaged.
The mummy hits you!
* * * LOW HITPOINT WARNING * * *
You hit the mummy.
The mummy is lightly damaged.
You hit the mummy.
The mummy is moderately damaged.
The mummy hits you!
* * * LOW HITPOINT WARNING * * *
You feel better.
Unknown command.
You hit the mummy. You headbutt the mummy.
The mummy is heavily damaged.
The mummy hits you!
You die...

##.....## ##.'!#
##.......###..###
#.........#...'.#
+....⌠....'...###
#.........#...'.#
##.......###..###
##.....## ##.'.#
###M### #.### #@#
##.## ##.## #!..#
#.∩.# #...# #.∩.#
##### #####


You could see a mummy.

Vanquished Creatures
  A sky beast (D:4)
  A scorpion (D:4)
  A howler monkey (D:4)
  2 crimson imps (D:3)
  A jelly (D:4)
  A hound (D:4)
  2 orc wizards
  2 centaur skeletons
  2 worker ants
  Terence (D:3)
  A hound skeleton (D:4)
  3 mummies (Ossuary)
  6 gnolls
  8 adders
  2 dart slugs
  7 leopard geckos
  8 orcs
  A ball python (D:1)
  3 giant cockroaches
  5 goblins
  8 hobgoblins
  4 jackals (D:1)
  3 quokkas
  4 bats
  3 frilled lizards
  2 hobgoblin zombies (Ossuary)
  11 kobolds
  2 kobold zombies (Ossuary)
  3 rats
98 creatures vanquished.

Vanquished Creatures (collateral kills)
  A hound skeleton (D:5)
  2 orcs (D:5)
3 creatures vanquished.

Vanquished Creatures (others)
  An orc wizard (D:5)
1 creature vanquished.

Grand Total: 102 creatures vanquished

Notes
Turn   | Place    | Note
-------+----------+-------------------------------------------
     0 | D:1      | MisterOstroum the Dusk Walker Rogue began the quest for the
                  | Orb.
     0 | D:1      | Reached XP level 1. HP: 11/11 MP: 2/2
   409 | D:1      | Reached XP level 2. HP: 18/18 MP: 3/3
   631 | D:1      | Reached skill level 1 in Fighting
   769 | D:1      | Reached XP level 3. HP: 23/23 MP: 5/5
  1089 | D:2      | Noticed Sigmund
  1777 | D:3      | Gained mutation: You are slightly more attuned to the
                  | shadows. [Dusk Walker growth]
  1777 | D:3      | Reached XP level 4. HP: 24/28 MP: 6/6
  2011 | D:3      | Noticed Terence
  2339 | D:3      | Found an ancient bone altar of Kikubaaqudgha.
  2343 | D:3      | Found a snail-covered altar of Cheibriados.
  2425 | D:3      | Reached XP level 5. HP: 34/34 MP: 6/8
  2527 | D:3      | Killed Terence
  3061 | D:3      | Reached XP level 6. HP: 41/41 MP: 9/9
  3366 | D:4      | Gained mutation: You have a pair of small horns on your
                  | head. [potion of mutation]
  3366 | D:4      | Gained mutation: You possess an exceptional clarity of
                  | mind. [potion of mutation]
  3366 | D:4      | Gained mutation: You are resistant to hostile enchantments.
                  | (MR+) [potion of mutation]
  3800 | D:4      | Reached skill level 5 in Short Blades
  4325 | D:4      | Found a staircase to the Ecumenical Temple.
  4336 | D:4      | Reached skill level 5 in Evocations
  4336 | D:4      | Reached XP level 7. HP: 46/47 MP: 10/10
  4342 | Temple   | Entered the Ecumenical Temple
  4347 | Temple   | Became a worshipper of Dithmenos the Shadowed
  4787 | D:5      | Entered Level 5 of the Dungeon
  4848 | D:5      | Found a sand-covered staircase.
  4936 | Ossuary  | Entered an ossuary
  5067 | Ossuary  | Slain by a mummy

Skill      XL: |  1  2  3  4  5  6  7 |
---------------+----------------------+-----
Fighting       | 1 2 3 4 |  4.5
Short Blades   | 3 4 5 6 |  6.2
Evocations     | 3 4 5 |  5.0
Throwing       | |  1.5
Armour         | |  0.8
Stealth        | |  6.9

Action                   |  1- 3 |  4- 6 |  7- 9 || total
-------------------------+-------+-------+-------++-------
Melee: Dagger            |    73 |    60 |       ||   133
       Bite              |     1 |    20 |    14 ||    35
       Rapier            |       |   181 |    72 ||   253
       Unarmed           |       |     6 |       ||     6
       Headbutt          |       |     3 |    13 ||    16
 Fire: Blowgun           |     2 |     5 |       ||     7
Throw: Stone             |    61 |    53 |    10 ||   124
       Tomahawk          |       |     2 |       ||     2
Evoke: Wand              |       |       |     5 ||     5
  Use: Potion            |       |     4 |     1 ||     5
       Scroll            |       |       |    11 ||    11
 Stab: Sleeping          |     5 |     6 |     3 ||    14
       Distracted        |       |     1 |       ||     1
  Eat: Chunk             |     3 |     7 |       ||    10
       Ration            |       |       |     1 ||     1
Armor: Robe              |     8 |    13 |    15 ||    36
       Chain mail        |       |    85 |     9 ||    94
       Ring mail         |       |     3 |       ||     3
       Skin              |       |     8 |       ||     8
Dodge: Dodged            |    29 |    46 |    24 ||    99
Block: Buckler           |     1 |    26 |     7 ||    34
